 Dungeon Crawl Stone Soup version 0.30-a0-782-ge64f9170bb (webtiles) character file.

Game seed: 2336165812332549987

1198 Dirtsage the Cleaver (level 8, -13/58 HPs)
             Began as a Demonspawn Fighter on Mar 2, 2023.
             Was an Initiate of Okawaru.
             Mangled by a two-headed ogre
             ... wielding a +0 giant club
              (19 damage)
             ... on level 6 of the Dungeon.
             The game lasted 00:11:13 (5023 turns).

Dirtsage the Cleaver (Demonspawn Fighter)           Turns: 5023, Time: 00:11:14

Health: -13/58     AC:  6    Str: 18    XL:     8   Next: 20%
Magic:  8/8        EV: 14    Int: 11    God:    Okawaru [......]
Gold:   249        SH:  4    Dex: 12    Spells: 7/7 levels left

rFire   . . .      SeeInvis .    a - +0 war axe
rCold   . . .      Faith    .    c - +0 buckler
rNeg    . . .      Spirit   .    b - +0 scale mail
rPois   .          Reflect  .    (no helmet)
rElec   .          Harm     .    (no cloak)
rCorr   +          Rampage  .    (no gloves)
Will    +....                    (no boots) Stlth
                                 (no amulet)
HPRegen 0.29/turn                n - ring of willpower
MPRegen 0.22/turn                C - ring of resist corrosion

@: agile
A: powered by pain 2, magic regeneration, weakness stinger 1
a: Renounce Religion


You were on level 6 of the Dungeon.
You worshipped Okawaru.
Okawaru was noncommittal.
You visited 2 branches of the dungeon, and saw 7 of its levels.

You collected 249 gold pieces.

Inventory:

Hand Weapons
 a - a +0 war axe (weapon)
Missiles
 d - 7 curare-tipped darts
Armour
 b - a +0 scale mail (worn)
 c - a +0 buckler (worn)
Magical Staves
 e - a staff of earth
 l - a staff of conjuration
 o - a staff of air
 p - a staff of poison
Jewellery
 n - a ring of willpower (left hand)
 C - a ring of resist corrosion (right hand)
Wands
 r - a wand of charming (9)
 u - a wand of flame (7) (quivered)
 z - a wand of mindburst (12)
 D - a wand of digging (5)
Scrolls
 h - 8 scrolls of identify {unknown}
 j - a scroll of magic mapping {unknown}
 k - 2 scrolls of vulnerability {unknown}
 m - 3 scrolls of blinking {unknown}
 s - a scroll of enchant armour {unknown}
 t - a scroll of poison {unknown}
 w - a scroll of teleportation {unknown}
 x - a scroll of noise {unknown}
 y - a scroll of enchant weapon {unknown}
 E - a scroll of fear {unknown}
 F - a scroll of fog {unknown}
Potions
 f - a potion of haste {unknown}
 g - 2 potions of heal wounds {unknown}
 i - 2 potions of attraction {unknown}
 q - 4 potions of curing
 v - a potion of magic {unknown}
 A - a potion of brilliance {unknown}
 B - a potion of flight {unknown}


   Skills:
 - Level 3.0 Fighting
 + Level 9.2 Axes
 - Level 2.6 Armour
 - Level 2.6 Shields


You had 7 spell levels left.
You didn't know any spells.
Your spell library contained the following spells:

 Spells                   Type           Power      Damage    Failure   Level
 Apportation              Tloc           0%         N/A       83%         1
 Necrotise                Necr           0%         1d4       83%         1
 Blink                    Tloc           0%         N/A       92%         2
 Lesser Beckoning         Tloc           0%         N/A       92%         2
 Momentum Strike          Conj/Tloc      0%         3d8       92%         2
 Summon Small Mammal      Summ           Unusable   N/A       N/A         1

Dungeon Overview and Level Annotations

Branches:
Dungeon (6/15)             Temple (1/1) D:6

Altars:
Ashenzari
Cheibriados
Dithmenos
Fedhas
Hepliaklqana
Kikubaaqudgha
Nemelex Xobeh
Okawaru
Sif Muna
Uskayaw
Vehumet
Wu Jian
Xom

Annotations:
D:3 1 runed translucent door, DEFE's ghost, weakling DsWn


Innate Abilities, Weirdness & Mutations

You sometimes gain power by taking damage.
You regenerate magic rapidly.
You have a small tail.


Message History

You hit the two-headed ogre but do no damage.
The two-headed ogre is lightly wounded.
The two-headed ogre hits you with a +0 giant club!!
Ouch! That really hurt!
You focus on the pain.
You feel agile all of a sudden. The two-headed ogre misses you.
You take 30 damage, and have 20/58 hp.
MASSIVE DAMAGE!!
You barely miss the two-headed ogre.
The two-headed ogre is lightly wounded.
You barely miss the two-headed ogre.
The two-headed ogre is lightly wounded.
The two-headed ogre closely misses you. x2
You slash the two-headed ogre!
The two-headed ogre is moderately wounded.
You slash the two-headed ogre! You tail-slap the two-headed ogre.
The two-headed ogre is heavily wounded.
The two-headed ogre barely misses you.
The two-headed ogre hits you with a +0 giant spiked club!
* * * LOW HITPOINT WARNING * * *
You focus on the pain.
You feel more agile all of a sudden.
You take 17 damage, and have 4/58 hp.
MASSIVE DAMAGE!!
You slash the two-headed ogre!
The two-headed ogre is severely wounded.
You hit the two-headed ogre but do no damage.
You tail-slap the two-headed ogre.
The two-headed ogre is severely wounded.
You barely miss the two-headed ogre.
The two-headed ogre is almost dead.
You block the two-headed ogre's attack. The two-headed ogre misses you.
You hit the two-headed ogre.
The two-headed ogre is almost dead.
You barely miss the two-headed ogre.
Your tail-slap misses the two-headed ogre.
The two-headed ogre is almost dead.
The two-headed ogre is no longer moving slowly.
The two-headed ogre barely misses you.
The two-headed ogre hits you with a +0 giant spiked club!!
You die...

##### #.#.#
###...# #.....#
##....#
##.....########
###..............
##...@)[..........
#....O).......##..
#.##..#..........
#. ##.#...........
. ##............
#............
.................
.............?..
###.......#....


You could see a two-headed ogre (poisoned).

Vanquished Creatures
  Sigmund (D:4)
  Menkaure (D:5)
  Edmund (D:5)
  A phantom (D:4)
  A bullfrog (D:5)
  A gnoll sergeant (D:5)
  A scorpion (D:5)
  3 hounds
  7 iguanas
  Ijyb (D:5)
  3 orc wizards
  4 adders
  2 gnolls
  A white imp (D:5)
  An ufetubus (D:4)
  2 worms
  3 dart slugs
  21 orcs
  5 bats
  5 endoplasms
  3 giant cockroaches
  7 hobgoblins
  3 quokkas
  4 ball pythons
  4 goblins
  4 kobolds
  6 rats
96 creatures vanquished.

Vanquished Creatures (collateral kills)
  2 gnolls (D:5)
2 creatures vanquished.

Vanquished Creatures (others)
  2 withered plants (D:3)
2 creatures vanquished.

Grand Total: 100 creatures vanquished

Notes
Turn   | Place    | Note
-------+----------+-------------------------------------------
     0 | D:1      | Dirtsage the Demonspawn Fighter began the quest for the
                  | Orb.
     0 | D:1      | Reached XP level 1. HP: 18/18 MP: 1/1
    42 | D:1      | Reached skill level 2 in Axes
   145 | D:1      | You fall into a shaft and drop 1 floor!
   213 | D:1      | Gained mutation: You sometimes gain a little power by
                  | taking damage. [demonic ancestry]
   213 | D:1      | Reached XP level 2. HP: 23/24 MP: 2/2
   802 | D:2      | Found a faded altar of an unknown god.
   872 | D:2      | Reached skill level 3 in Axes
   910 | D:2      | Saving game... please wait.
   967 | D:2      | Gained mutation: You regenerate magic rapidly. [demonic
                  | ancestry]
   967 | D:2      | Reached XP level 3. HP: 17/29 MP: 3/3
  1615 | D:3      | Reached skill level 4 in Axes
  1615 | D:3      | Gained mutation: You have a small tail. [demonic ancestry]
  1615 | D:3      | Reached XP level 4. HP: 34/35 MP: 4/4
  1675 | D:3      | Found a snail-covered altar of Cheibriados.
  1773 | D:3      | Found a runed translucent door.
  1774 | D:3      | Noticed DEFE's ghost (weakling DsWn)
  2163 | D:4      | Noticed a phantom
  2243 | D:4      | Killed a phantom
  2244 | D:4      | Reached skill level 5 in Axes
  2244 | D:4      | Reached XP level 5. HP: 25/41 MP: 5/5
  2362 | D:4      | Noticed Sigmund
  2373 | D:4      | Killed Sigmund
  2374 | D:4      | Reached skill level 6 in Axes
  2374 | D:4      | Reached XP level 6. HP: 26/47 MP: 6/6
  2960 | D:5      | Entered Level 5 of the Dungeon
  2960 | D:5      | Noticed Menkaure
  3099 | D:5      | Found a hazy altar of Hepliaklqana.
  3185 | D:5      | Reached skill level 7 in Axes
  3185 | D:5      | Gained mutation: You sometimes gain power by taking damage.
                  | [demonic ancestry]
  3185 | D:5      | Reached XP level 7. HP: 52/52 MP: 7/7
  3381 | D:5      | HP: 2/52 [iguana (9)]
  3656 | D:5      | Noticed Ijyb
  3746 | D:5      | Killed Ijyb
  3776 | D:5      | Noticed Edmund
  3791 | D:5      | Killed Edmund
  3792 | D:5      | Reached skill level 8 in Axes
  4007 | D:5      | Killed Menkaure
  4017 | D:5      | Reached XP level 8. HP: 44/58 MP: 8/8
  4179 | D:5      | Reached skill level 9 in Axes
  4673 | D:6      | Found a staircase to the Ecumenical Temple.
  4678 | D:6      | Identified the +9 short sword "Firghiop" {vamp, rN+ Str-5
                  | Int+3 SInv}
  4681 | Temple   | Entered the Ecumenical Temple
  4718 | Temple   | Became a worshipper of Warmaster Okawaru
  4764 | D:6      | Noticed a two-headed ogre
  5023 | D:6      | Mangled by a two-headed ogre

Illustrated notes

Levels and vault maps discovered:
D:1:      amcnicky_arrival_choice, layout_loops_ring, amethyst_killhole,
          dreamdust_mushroom_princess
D:2:      kb_forest_paths, layout_rooms, chequers_ecumenical_altar_simple_redux,
          serial_bayou_lake_a
D:3:      layout_loops_ring, lemuel_tele_altar, gammafunk_ghost_grave,
          minmay_misc_feat_columns, chequers_serial_rivers_large_b,
          minmay_diced_spiral
D:4:      layout_rooms, uniq_sigmund
D:5:      layout_basic, mainiacjoe_overflow_chevrons, uniq_ijyb, uniq_menkaure,
          uniq_edmund
D:6:      layout_cave_pools, lemuel_round_altar, minmay_temple_entry_ruins,
          serial_shops, shop, reono_crystal_passage, uniq_crazy_yiuf_cottage
Temple:   nicolae_temple_ecumenical_triangle

Skill      XL: |  1  2  3  4  5  6  7  8 |
---------------+-------------------------+-----
Axes           | 2 3 4 5 6 7 8 9 |  9.2
Fighting       | |  3.0
Armour         | |  2.6
Shields        | |  2.6

Action                     |  1- 3 |  4- 6 |  7- 9 || total
---------------------------+-------+-------+-------++-------
  Melee: War axe           |   128 |   107 |   120 ||   355
         Tailslap          |       |    15 |    17 ||    32
  Throw: Dart              |       |       |     1 ||     1
  Evoke: Wand              |       |       |    17 ||    17
    Use: Potion            |       |     1 |     1 ||     2
 Armour: Scale mail        |    67 |    39 |    34 ||   140
  Dodge: Dodged            |    63 |    46 |    48 ||   157
  Block: Buckler           |    41 |    18 |    17 ||    76

Table legend: (Time is in decaauts)
 A = Elapsed time spent in this place.
 B = Non-inter-level travel time spent in this place.
 C = Inter-level travel time spent in this place.
 D = Time resting spent in this place.
 E = Time spent auto-exploring this place.
 F = Levels seen in this place.
 G = Mean time per level.
                   A        B        C        D        E       F      G
               +--------+--------+--------+--------+--------+-----+--------+
         Total |   5177 |   4988 |    189 |    557 |   3561 |   7 |  739.6 |
       Dungeon |   5133 |   4950 |    183 |    557 |   3533 |   6 |  855.5 |
        Temple |     44 |     38 |      6 |      0 |     28 |   1 |   44.0 |
               +--------+--------+--------+--------+--------+-----+--------+

Top non-repeatable levels by time:
     D:5: 1392 daAuts
     D:4: 946 daAuts
     D:3: 889 daAuts
     D:1: 790 daAuts
     D:2: 628 daAuts
     D:6: 486 daAuts
  Temple: 44 daAuts
